 Dungeon Crawl Stone Soup version 0.22-a0-580-gd5db89c (webtiles) character file.

1980925 Salmacis the Executioner (level 27, 161/161 HPs)
             Began as a Formicid Fighter on July 3, 2018.
             Was the Champion of Okawaru.
             Escaped with the Orb
             ... and 3 runes!
             The game lasted 02:43:40 (53124 turns).

Salmacis the Executioner (Formicid Fighter)        Turns: 53124, Time: 02:43:41

Health: 161/161    AC: 37    Str: 26      XL:     27
Magic:  35/35      EV: 19    Int:  8 (9)  God:    Okawaru [******]
Gold:   7798       SH: 32    Dex: 13      Spells: 31/50 levels left

rFire    + . .     SeeInvis +   Y - +9 executioner's axe (freeze)
rCold    + + .     Gourm    .   z - +8 large shield of Wrong Decisions {rElec rPois Int-3 Slay+5}
rNeg     + . .     Faith    .   t - +1 gold dragon scales
rPois    +         Spirit   .   (helmet unavailable)
rElec    +         Reflect  .   F - +4 dragonskin cloak
rCorr    +         Harm     .   X - +2 pair of gloves {Dex+3}
MR       ++...                  (no boots)
Stlth    ..........             l - amulet of regeneration
HPRegen  0.76/turn              y - ring "Qubae" {rC+ rN+ EV+6}
MPRegen  0.24/turn              k - ring of Pofolouw {rCorr rElec}

@: no status effects
A: permanent stasis, dig shafts and tunnels, four strong arms, antennae 3, icy
blue scales 1, thin skeletal structure 1, blurry vision 1, clumsy 2,
deterioration 1, frail 3, low mp 1, screaming 1, weak 1, no potion heal 1,
subdued magic 1
0: Orb of Zot
}: 3/15 runes: barnacled, slimy, silver
a: Dig, Shaft Self, Heroism, Finesse, Renounce Religion


You escaped.
You worshipped Okawaru.
Okawaru was exalted by your worship.
You were not hungry.

You visited 12 branches of the dungeon, and saw 54 of its levels.
You visited the Abyss 1 time.
You also visited: Labyrinth, Trove, Ossuary and Bailey.

You collected 8116 gold pieces.
You spent 318 gold pieces at shops.

Inventory:

Hand Weapons
 W - the +9 battleaxe of Kismet {vamp, *Noise rPois Str+4 Dex+4}
   (Okawaru gifted it to you on level 4 of the Realm of Zot)

   It inflicts no extra harm, but heals its wielder when it wounds a living foe.
   It affects your strength (+4).
   It affects your dexterity (+4).
   It protects you from poison.
   It may make noises in combat.
 Y - a +9 executioner's axe of freezing (weapon)
Armour
 e - the +2 pair of boots of Decompression {Str+5 Stlth-}
   (Okawaru gifted it to you on level 2 of the Realm of Zot)

   It affects your strength (+5).
   It makes you less stealthy.
 m - a +2 cloak of magic resistance
 s - the +0 pair of gloves "Fepyedej" {rF+ Int-5 Slay+2 Stlth+}
   (You found it in a treasure trove)

   It affects your intelligence (-5).
   It affects your accuracy and damage with ranged weapons and melee attacks
   (+2).
   It protects you from fire.
   It makes you more stealthy.
 t - +1 gold dragon scales (worn)
 z - the +8 large shield of Wrong Decisions (worn) {rElec rPois Int-3 Slay+5}
   (You took it off Mennas on level 3 of the Depths)

   It affects your intelligence (-3).
   It affects your accuracy and damage with ranged weapons and melee attacks
   (+5).
   It insulates you from electricity.
   It protects you from poison.
 F - the +4 dragonskin cloak (worn)
   (You took it off Tiamat on level 3 of the Realm of Zot)
 H - a +2 pair of boots of flying
 J - a scarf of resistance
 T - the +0 cloak of Restlessness {rElec rCorr Int-5}
   (Okawaru gifted it to you on level 5 of the Vaults)

   It affects your intelligence (-5).
   It insulates you from electricity.
   It protects you from acid and corrosion.
 X - a +2 pair of gloves of dexterity (worn)
Magical Staves
 D - an uncursed staff of cold
Jewellery
 k - the ring of Pofolouw (right hand) {rCorr rElec}
   (You found it on level 1 of the Elven Halls)

   [ring of resist corrosion]

   It insulates you from electricity.
 l - an amulet of regeneration (around neck)
 y - the ring "Qubae" (left hand) {rC+ rN+ EV+6}
   (You took it off a spriggan berserker on level 2 of the Depths)

   [ring of evasion]

   It affects your evasion (+6).
   It protects you from cold.
   It protects you from negative energy.
 E - the ring of Jyiroa {*Tele *Drain +Blink rF+++ Dex+4}
   (You took it off a hell knight on level 2 of the Depths)

   [ring of teleportation]

   It may teleport you next to monsters.
   It affects your dexterity (+4).
   It renders you almost immune to fire.
   It lets you blink.
   It causes draining when unequipped.
Wands
 v - a wand of acid (39)
 U - a wand of scattershot (17)
Scrolls
 b - a scroll of summoning
 g - 11 scrolls of fog
 h - 10 scrolls of amnesia
 j - 8 scrolls of enchant weapon
 x - 36 scrolls of remove curse
 C - 4 scrolls of identify
 G - 7 scrolls of fear
 M - 2 scrolls of silence
 O - a scroll of brand weapon
Potions
 a - 2 potions of magic
 d - 8 potions of flight
 i - 6 potions of heal wounds
 n - 26 potions of curing
 o - 4 potions of mutation
 p - 2 potions of resistance
 q - 3 potions of cancellation
 r - 8 potions of agility
 u - 3 potions of might
 V - a potion of brilliance
Miscellaneous
 w - a phantom mirror
 I - 2 boxes of beasts
 K - 3 sacks of spiders
 S - a lamp of fire
Comestibles
 f - 78 rations


   Skills:
 - Level 22.0 Fighting
 - Level 22.0 Axes
 - Level 22.0 Armour
 - Level 15.0 Dodging
 - Level 6.1 Stealth
 - Level 22.0 Shields
 - Level 12.0 Spellcasting
 + Level 19.9 Summonings
 + Level 16.1 Invocations


You had 31 spell levels left.
You knew the following spells:

 Your Spells              Type           Power        Failure   Level  Hunger
a - Shadow Creatures      Summ           N/A          4%          6    #######
b - Call Canine Familiar  Summ           ####....     1%          3    ##.....
c - Aura of Abjuration    Summ           ####......   1%          5    ######.
d - Summon Demon          Summ           ####......   1%          5    ######.

Your spell library contained the following spells:

 Spells                   Type           Power        Failure   Level  Hunger
 Cause Fear               Hex            #.........   100%        4    ####...
 Magic Dart               Conj           #...         77%         1    None
 Fireball                 Conj/Fire      #.........   100%        5    ######.
 Apportation              Tloc           #.....       77%         1    None
 Conjure Flame            Conj/Fire      #.......     98%         3    ##.....
 Bolt of Fire             Conj/Fire      #.........   100%        6    #######
 Lightning Bolt           Conj/Air       #.........   100%        5    ######.
 Slow                     Hex            #.......     89%         2    #......
 Confuse                  Hex            #.......     98%         3    ##.....
 Invisibility             Hex            #.......     100%        6    #######
 Throw Flame              Conj/Fire      #.....       89%         2    #......
 Throw Frost              Conj/Ice       #.....       89%         2    #......
 Controlled Blink         Tloc           N/A          100%        8    #######
 Freezing Cloud           Conj/Ice/Air   #.........   100%        6    #######
 Mephitic Cloud           Conj/Pois/Air  #.......     98%         3    ##.....
 Ring of Flames           Chrm/Fire      #.........   100%        7    #######
 Venom Bolt               Conj/Pois      #.........   100%        5    ######.
 Olgreb's Toxic Radiance  Pois           #.......     100%        4    ####...
 Summon Small Mammal      Summ           ####         1%          1    None
 Bolt of Draining         Conj/Necr      #.........   100%        5    ######.
 Lehudib's Crystal Spear  Conj/Erth      #.........   100%        8    #######
 Fire Storm               Conj/Fire      #.........   100%        9    #######
 Blink                    Tloc           N/A          89%         2    #......
 Animate Skeleton         Necr           N/A          77%         1    None
 Freeze                   Ice            #...         77%         1    None
 Sticky Flame             Conj/Fire      #.......     100%        4    ####...
 Summon Ice Beast         Ice/Summ       ###.....     21%         4    ####...
 Ozocubu's Armour         Chrm/Ice       #.......     98%         3    ##.....
 Call Imp                 Summ           ####....     1%          2    #......
 Dispel Undead            Necr           #.......     100%        5    ######.
 Poison Arrow             Conj/Pois      #.........   100%        6    #######
 Regeneration             Chrm/Necr      #.........   98%         3    ##.....
 Sting                    Conj/Pois      #...         77%         1    None
 Sublimation of Blood     Necr           #.........   89%         2    #......
 Tukima's Dance           Hex            #.......     98%         3    ##.....
 Corpse Rot               Necr           N/A          89%         2    #......
 Stone Arrow              Conj/Erth      #.....       98%         3    ##.....
 Shock                    Conj/Air       #...         77%         1    None
 Swiftness                Chrm/Air       #.......     89%         2    #......
 Recall                   Summ/Tloc      N/A          5%          3    ##.....
 Agony                    Necr           #.......     100%        5    ######.
 Spider Form              Tmut/Pois      #.........   98%         3    ##.....
 Blade Hands              Tmut           #.........   100%        5    ######.
 Ice Form                 Ice/Tmut       #.......     100%        4    ####...
 Deflect Missiles         Chrm/Air       #.........   100%        6    #######
 Throw Icicle             Conj/Ice       #.......     100%        4    ####...
 Glaciate                 Conj/Ice       #.........   100%        9    #######
 Airstrike                Air            #.........   100%        4    ####...
 Confusing Touch          Hex            #.....       77%         1    None
 Flame Tongue             Conj/Fire      #....        77%         1    None
 Ignite Poison            Fire/Tmut/Pois #.......     98%         3    ##.....
 Sticks to Snakes         Tmut           #.......     89%         2    #......
 Ensorcelled Hibernation  Hex/Ice        #.....       89%         2    #......
 Metabolic Englaciation   Hex/Ice        #.........   100%        5    ######.
 Summon Butterflies       Summ           ####....     1%          1    None
 Silence                  Hex/Air        #.........   100%        5    ######.
 Shatter                  Erth           #.........   100%        9    #######
 Dispersal                Tloc           #.........   100%        6    #######
 Static Discharge         Conj/Air       #.......     98%         3    ##.....
 Corona                   Hex            #......      77%         1    None
 Alistair's Intoxication  Tmut/Pois      #.......     100%        5    ######.
 Simulacrum               Ice/Necr       #.........   100%        6    #######
 Conjure Ball Lightning   Conj/Air       #.........   100%        6    #######
 Chain Lightning          Conj/Air       #.........   100%        8    #######
 Excruciating Wounds      Chrm/Necr      #.........   100%        5    ######.
 Portal Projectile        Hex/Tloc       #.....       98%         3    ##.....
 Tornado                  Air            #.........   100%        9    #######
 Leda's Liquefaction      Hex/Erth       #.........   100%        4    ####...
 Summon Hydra             Summ           ####......   28%         7    #######
 Darkness                 Hex            #.........   100%        6    #######
 Shroud of Golubria       Chrm/Tloc      #.........   89%         2    #......
 Inner Flame              Hex/Fire       #.......     98%         3    ##.....
 Beastly Appendage        Tmut           #.....       77%         1    None
 Disjunction              Tloc           #.........   100%        8    #######
 Dazzling Spray           Conj/Hex       #.....       98%         3    ##.....
 Force Lance              Conj/Tloc      #.......     100%        4    ####...
 Infusion                 Chrm           #...         77%         1    None
 Song of Slaying          Chrm           #.......     89%         2    #......
 Spectral Weapon          Hex/Chrm       #.......     98%         3    ##.....
 Discord                  Hex            #.........   100%        8    #######
 Summon Forest            Summ/Tloc      ###.......   50%         5    ######.
 Summon Lightning Spire   Summ/Air       ###.....     21%         4    ####...
 Summon Mana Viper        Hex/Summ       ###.....     50%         5    ######.
 Hydra Form               Tmut           #.........   100%        6    #######
 Gell's Gravitas          Tloc           #.........   98%         3    ##.....
 Yara's Violent Unravell  Hex/Tmut       #.........   100%        5    ######.
 Lesser Beckoning         Tloc           #.........   98%         3    ##.....
 Poisonous Vapours        Pois/Air       #.....       89%         2    #......
 Ignition                 Fire           #.........   100%        8    #######
 Borgnjor's Vile Clutch   Necr/Erth      #.........   100%        5    ######.


Dungeon Overview and Level Annotations

Branches:
Dungeon (15/15)            Temple (1/1) D:6            Lair (6/6) D:11
 Shoals (4/4) Lair:2       Spider (2/4) Lair:4        Slime (5/5) Lair:5
    Orc (2/2) D:11            Elf (3/3) Orc:2        Vaults (5/5) D:14
  Crypt (0/3) Vaults:3     Depths (5/5) D:15           Hell (1/1)
    Zot (5/5) Depths:5
    Dis: Hell:1         Geh: Hell:1         Coc: Hell:1         Tar: Hell:1

Altars:
Ashenzari
Cheibriados
Dithmenos
Elyvilon
Fedhas
Gozag
Hepliaklqana
Kikubaaqudgha
Makhleb
Nemelex Xobeh
Okawaru
Qazlal
Ru
Sif Muna
Trog
Uskayaw
Vehumet
Wu Jian
Xom
Yredelemnul
Zin
The Shining One
Beogh
Jiyva

Shops:
Orc:1 !   Orc:2 }?*[   Elf:2 }   Vaults:2 [   Vaults:3 *   Depths:3 }:

Portals:
Hell: Depths:1 Depths:2 Depths:3 Depths:4 Depths:5
Abyss: Depths:2 Depths:4
Pandemonium: Depths:3
Ziggurat: Depths:2

Annotations:
D:2 1 runed door
D:9 Erolcha
Elf:2 2 runed doors
Depths:1 Mara


Innate Abilities, Weirdness & Mutations

You cannot be hasted, slowed, berserked, paralysed or teleported.
You can dig through walls and to a lower floor.
Your four strong arms can wield two-handed weapons with a shield.
You have a pair of large antennae on your head. (SInv)
You are partially covered in icy blue scales. (AC +2)
You have a somewhat thin skeletal structure. (Dex +2, Stealth)
Scrolls take you a little longer to read.
You are very clumsy. (Dex -4)
Your body sometimes deteriorates upon taking damage.
You are extremely frail. (-30% HP)
Your magical capacity is low. (-10% MP)
You occasionally shout uncontrollably at your foes.
You are weak. (Str -2)
Potions are less effective at restoring your health.
Your spells are a little easier to cast, but a little less powerful.


Message History

You dig through the rock wall.
You dig through the rock wall.
You dig through the rock wall.
You dig through the rock wall.
You dig through the rock wall.
You dig through the rock wall.
You dig through the rock wall.
You dig through the rock wall.
You dig through the rock wall.
You dig through the rock wall.
You dig through the rock wall.
You dig through the rock wall.
You dig through the rock wall.
You retract your mandibles.
An ufetubus comes into view.
You block the ufetubus's attack. x2
There is a staircase leading out of the dungeon here.
You slice the ufetubus!!
You kill the ufetubus!
You have escaped!

.......# ##.# #..#
#.######### ...(.#.#
#.####.#####.#### .....#.#
##.###>.........#
.......#######.###########.#
.....#.....................#
.....#...≈≈≈≈......≈≈≈≈≈...#
.....#..≈....≈≈≈≈.......≈..#
##.#.##..≈≈......≈....≈≈...#
#.#.###...≈..≈.@....≈...###
#.#.######.≈.≈.≈≈≈≈≈..###
##.#.#........≈.......##
...#.#.###.##.≈...≈.###
.#.#.....#....≈...≈.#
.......#####...≈.≈..#
#####'..........≈..##
.....#.######.(...##
###'.#...........##


There were no monsters in sight!

Vanquished Creatures
  the Royal Jelly (Slime:5)
  Dissolution (Slime:2)
  7 ancient liches
  4 orbs of fire (Zot:5)
  Tiamat (Zot:3)
  Mennas (Depths:3)
  2 pandemonium lords
  Mara (Depths:1)
  Sojobo (Depths:3)
  Saint Roka (Vaults:1)
  Frederick (Depths:5)
  4 caustic shrikes
  5 Killer Klowns
  Margery (Vaults:2)
  2 curse toes
  Geryon (Hell)
  8 golden dragons
  Jory (Vaults:2)
  Nikola (Vaults:2)
  5 liches
  An electric golem (Zot:5)
  Rupert (Lair:3)
  20 Orb Guardians
  17 tentacled monstrosities
  An Ice Fiend (Zot:5)
  6 titans
  5 quicksilver dragons
  4 deep elf blademasters (Elf:3)
  A kraken (Shoals:2)
  5 deep elf master archers (Elf:3)
  21 acid blobs
  14 storm dragons
  9 death cobs
  8 tengu reavers
  2 sphinxes
  2 ancient champions (Depths:3)
  Ilsuiw (Shoals:4)
  13 shadow dragons
  The ghost of Gildeon the Executioner, an adept MiFi of Qazlal (Shoals:2)
  9 draconian monks
  13 azure jellies
  5 draconian knights
  4 frost giants
  12 fire giants
  An orc warlord (Bailey)
  6 deep elf sorcerers
  7 iron dragons
  6 draconian stormcallers
  2 deep elf elementalists
  A ghost moth (Zot:4)
  3 spriggan defenders
  A curse skull (Vaults:3)
  4 draconian shifters
  17 vault wardens
  6 draconian scorchers
  15 ironheart preservers
  6 draconian annihilators
  2 war gargoyles (Vaults:5)
  28 very ugly things
  6 entropy weavers
  2 deep elf demonologists
  13 black draconians
  27 stone giants
  13 green draconians
  8 large abominations
  4 vampire knights
  6 deep elf annihilators
  13 red draconians
  A minotaur (Lab)
  16 purple draconians
  9 yellow draconians
  4 dire elephants (Zot:3)
  4 white draconians
  An eidolon (Vaults:3)
  6 deep elf death magi
  6 spark wasps
  2 merfolk javelineers (Shoals:4)
  Snorg (D:11)
  10 ettins
  7 death oozes (Slime:5)
  3 merfolk impalers
  5 deep elf high priests
  11 fire dragons
  15 yaktaur captains
  8 great orbs of eyes
  7 ice dragons
  4 hydras
  4 rakshasas
  2 death knights
  32 vault guards
  2 spriggan air magi (Depths:4)
  9 centaur warriors
  5 satyrs
  5 merfolk aquamancers
  55 two-headed ogres
  A queen ant (Lair:4)
  15 spriggan berserkers
  8 deep troll shamans
  Urug (D:14)
  14 dancing weapons
  14 deep troll earth magi
  A tengu warrior (D:15)
  6 vampire magi
  18 ogre magi
  4 orc high priests
  2 fire crabs (shapeshifter) (Vaults:3)
  5 small abominations (Vaults:5)
  Sonja (Lair:1)
  13 hell knights
  3 soul eaters
  2 sun demons
  30 deep elf knights
  3 iron trolls
  A shadow wraith (Vaults:3)
  A sea snake (shapeshifter) (Vaults:5)
  13 skeletal warriors
  A sixfirhy (D:6)
  27 deep trolls
  3 glowing orange brains
  21 deep elf archers
  A shadow demon (D:11)
  An unseen horror (shapeshifter) (Elf:3)
  13 sea snakes
  6 flayed ghosts
  Pikel (D:6)
  25 harpies
  2 unseen horrors
  9 ironbrand convokers
  7 phantasmal warriors
  A wolf spider zombie (D:14)
  3 wizards
  6 orb spiders
  20 orc knights
  11 necromancers
  9 cyclopes
  55 deep elf magi
  7 shining eyes
  2 wolf spiders (shapeshifter)
  26 ugly things
  23 wolf spiders
  9 orc sorcerers
  A salamander (shapeshifter) (Vaults:2)
  16 fauns
  7 manticores
  A black mamba (shapeshifter) (Elf:2)
  3 black mambas
  12 moths of wrath
  A moth of wrath (shapeshifter) (Depths:3)
  10 merfolk sirens
  10 elephants
  A fire giant skeleton (Vaults:3)
  A water nymph (Shoals:3)
  2 guardian serpents (Depths:3)
  A torpor snail (shapeshifter) (Depths:3)
  A rust devil (Hell)
  16 vault sentinels
  6 eyes of devastation
  2 orange demons (Zot:4)
  Maurice (D:8)
  32 spiny frogs
  3 centaur skeletons
  8 gargoyles
  4 kobold demonologists (D:13)
  A smoke demon (D:14)
  A komodo dragon (shapeshifter) (Elf:3)
  A yaktaur (shapeshifter) (Vaults:3)
  A rime drake (Lair:5)
  6 komodo dragons
  An ancient zyme (Abyss:5)
  7 freezing wraiths
  30 yaktaurs
  4 efreet
  A yaktaur skeleton (Vaults:2)
  2 hellwings
  7 demonic crawlers
  4 tengu conjurers
  8 trolls
  12 jumping spiders (Spider:1)
  6 hornets
  20 merfolk
  4 tyrant leeches (Lair:6)
  123 slime creatures
  16 blink frogs
  A spectral merfolk (Shoals:2)
  A raiju (shapeshifter) (Elf:2)
  13 hippogriffs
  A meliai zombie (D:15)
  8 snapping turtles
  3 spriggans
  A spriggan (shapeshifter) (Vaults:2)
  18 redbacks
  3 water elementals (Depths:3)
  2 air elementals (Elf:1)
  13 tarantellas
  6 wyverns
  A vampire (D:15)
  6 fire elementals
  43 yaks
  2 wraiths (Vaults:3)
  A basilisk (shapeshifter) (Vaults:2)
  A fire bat (shapeshifter) (Vaults:5)
  A yak (shapeshifter) (Vaults:4)
  5 basilisks
  5 golden eyes (Slime:5)
  A golden eye (shapeshifter) (Vaults:3)
  22 humans
  6 hungry ghosts
  A steam dragon (D:11)
  11 vampire mosquitoes
  A sea snake simulacrum (Shoals:2)
  A swamp worm (shapeshifter) (Depths:2)
  5 wargs
  A deep troll zombie (Vaults:2)
  A spatial vortex (Zot:5)
  A naga (shapeshifter) (Vaults:4)
  11 soldier ants
  A soldier ant (shapeshifter) (D:13)
  3 acid dragons
  11 water moccasins
  11 porcupines
  43 orc warriors
  2 floating eyes (Depths:3)
  2 phantoms
  3 eyes of draining
  A slave (D:6)
  A black bear (D:10)
  6 ice beasts
  An elf zombie (Vaults:2)
  3 necrophages
  A hornet zombie (D:15)
  12 boggarts
  18 centaurs
  2 human skeletons (Vaults:3)
  45 ogres
  An eye of draining (shapeshifter) (Vaults:2)
  15 wolves
  7 big kobolds
  13 crocodiles
  2 human zombies
  26 bullfrogs
  6 merfolk simulacra (Shoals:2)
  3 earth elementals
  A glowing shapeshifter simulacrum (Vaults:3)
  A water nymph simulacrum (Shoals:2)
  2 wyvern skeletons
  5 scorpions
  4 killer bees (D:10)
  19 wights
  An electric eel (Lair:6)
  7 howler monkeys
  8 crimson imps
  7 centaur zombies
  A quasit (D:12)
  A bullfrog zombie (D:7)
  3 bullfrog skeletons
  10 hounds
  4 jellies
  A gnoll shaman (D:4)
  23 orc priests
  31 orc wizards
  Terence (D:2)
  3 iguanas
  32 worker ants
  A killer bee zombie (D:8)
  A big kobold zombie (Ossuary)
  9 mummies
  Robin (D:2)
  8 gnolls
  4 river rats (D:9)
  5 adders
  2 shadow imps (D:5)
  An ufetubus (D:1)
  An ooze (D:3)
  An adder zombie (D:8)
  A worm (shapeshifter) (Vaults:5)
  7 worms
  2 dart slugs
  7 leopard geckos
  125 orcs
  5 bats
  4 giant cockroaches
  14 goblins
  13 hobgoblins
  12 jackals
  34 kobolds
  2 quokkas
  2 frilled lizards
  A gnoll zombie (Ossuary)
  A goblin zombie (D:4)
  A hobgoblin zombie (Ossuary)
  A jackal zombie (D:5)
  3 kobold zombies (Ossuary)
  2 leopard gecko skeletons
  3 orc zombies
  20 rats
  A bush (Lair:6)
  4 crawling corpses
  3 fungi
  25 plants
  2 tentacles (Shoals:2)
2424 creatures vanquished.

Vanquished Creatures (collateral kills)
  A bullfrog (Lair:1)
1 creature vanquished.

Vanquished Creatures (others)
  A storm dragon (Zot:1)
  2 tengu reavers
  A stone giant (Vaults:5)
  A red draconian (Zot:1)
  A yaktaur captain (Vaults:5)
  A deep elf knight (Elf:1)
  A cyclops (Vaults:2)
  3 moths of wrath
  A water elemental (Elf:3)
  A butterfly (D:6)
  12 fungi
  58 plants
  2 tentacles (Shoals:2)
85 creatures vanquished.

Grand Total: 2510 creatures vanquished

Notes
Turn   | Place    | Note
-------+----------+-------------------------------------------
     0 | D:1      | Salmacis the Formicid Fighter began the quest for the Orb.
     0 | D:1      | Reached XP level 1. HP: 18/18 MP: 1/1
    87 | D:1      | Reached XP level 2. HP: 23/24 MP: 2/2
   660 | D:2      | Reached XP level 3. HP: 29/29 MP: 3/3
  1069 | D:2      | Noticed Robin
  1099 | D:2      | Killed Robin
  1099 | D:2      | Reached XP level 4. HP: 35/37 MP: 4/4
  1370 | D:2      | Noticed Terence
  1380 | D:2      | Killed Terence
  1561 | D:2      | Reached XP level 5. HP: 42/42 MP: 5/5
  1833 | D:2      | Found a runed door.
  2277 | D:3      | Reached XP level 6. HP: 36/48 MP: 6/6
  2560 | D:3      | Found a radiant altar of Vehumet.
  2746 | D:4      | Reached skill level 5 in Axes
  2773 | D:4      | Found a sand-covered staircase.
  2782 | Ossuary  | Entered an ossuary
  2824 | Ossuary  | Reached skill level 5 in Armour
  2840 | Ossuary  | Reached XP level 7. HP: 52/53 MP: 7/7
  3364 | D:4      | Found a burning altar of Makhleb.
  3364 | D:4      | Found a shattered altar of Ashenzari.
  3364 | D:4      | Found a hide-covered altar of Uskayaw.
  3365 | D:4      | Found a snail-covered altar of Cheibriados.
  3763 | D:4      | Reached skill level 1 in Dodging
  3975 | D:5      | Entered Level 5 of the Dungeon
  4025 | D:5      | Reached XP level 8. HP: 60/60 MP: 8/8
  4389 | D:5      | Found a white marble altar of Elyvilon.
  4754 | D:6      | Found an ancient bone altar of Kikubaaqudgha.
  4789 | D:6      | Noticed Pikel
  4823 | D:6      | Killed Pikel
  4823 | D:6      | Reached XP level 9. HP: 60/65 MP: 9/9
  4853 | D:6      | Found a staircase to the Ecumenical Temple.
  4865 | Temple   | Entered the Ecumenical Temple
  4872 | Temple   | Became a worshipper of Warmaster Okawaru
  4952 | D:6      | Reached skill level 1 in Invocations
  5307 | D:6      | Reached * piety under Okawaru
  5622 | D:7      | Found a blossoming altar of Fedhas.
  6037 | D:7      | Found a sparkling altar of Nemelex Xobeh.
  6037 | D:7      | Found a basalt altar of Yredelemnul.
  6038 | D:7      | Found a sacrificial altar of Ru.
  6380 | D:8      | Reached XP level 10. HP: 68/71 MP: 12/12
  6549 | D:8      | Noticed Maurice
  6647 | D:8      | Reached skill level 10 in Axes
  6694 | D:8      | Killed Maurice
  6694 | D:8      | Reached ** piety under Okawaru
  6694 | D:8      | Reached skill level 5 in Dodging
  6902 | D:8      | Reached skill level 5 in Invocations
  7103 | D:9      | Found a snail-covered altar of Cheibriados.
  7104 | D:9      | Noticed a two-headed ogre
  7116 | D:9      | Killed a two-headed ogre
  7279 | D:9      | Noticed Erolcha
  7818 | D:9      | Reached *** piety under Okawaru
  7865 | D:9      | Reached XP level 11. HP: 53/76 MP: 16/16
  7872 | D:9      | Reached **** piety under Okawaru
  7961 | D:10     | Entered Level 10 of the Dungeon
  8086 | D:10     | Noticed a two-headed ogre
  8098 | D:10     | Killed a two-headed ogre
  8448 | D:10     | Noticed a two-headed ogre
  8461 | D:10     | Killed a two-headed ogre
  8461 | D:10     | Reached ***** piety under Okawaru
  8903 | D:11     | Noticed a manticore
  8930 | D:11     | Killed a manticore
  8930 | D:11     | Received a gift from Okawaru
  8951 | D:11     | Found a staircase to the Orcish Mines.
  9060 | D:11     | Noticed Snorg
  9079 | D:11     | Killed Snorg
  9079 | D:11     | Reached skill level 5 in Fighting
  9086 | D:11     | Reached XP level 12. HP: 49/86 MP: 11/18
  9158 | D:11     | Found a staircase to the Lair.
  9316 | D:11     | Got an ichor-stained buckler
  9327 | D:11     | Identified the +2 buckler "Ytsee" {rN+ MR- rCorr Str+10} (You found it on level 11 of the Dungeon)
  9693 | Lair:1   | Entered Level 1 of the Lair of Beasts
  9700 | Lair:1   | Found a labyrinth entrance.
  9708 | Lab      | Entered a labyrinth
 10455 | Lab      | Reached ****** piety under Okawaru
 10577 | Lab      | Noticed a minotaur
 10591 | Lab      | Killed a minotaur
 10591 | Lab      | Reached skill level 15 in Axes
 10622 | Lair:1   | Identified a scroll of acquirement
 10624 | Lair:1   | Got a pair of smoking gloves
 10635 | Lair:1   | Identified the +0 pair of gloves "Akax Cum" {Dex+3} (You acquired it on level 1 of the Lair of Beasts)
 10931 | Lair:1   | Received a gift from Okawaru
 10982 | Lair:1   | Noticed Sonja
 11009 | Lair:1   | Killed Sonja
 11262 | Lair:1   | Noticed a four-headed hydra
 11266 | Lair:1   | Killed a two-headed hydra
 11803 | Lair:2   | Reached XP level 13. HP: 72/101 MP: 19/19
 11936 | Lair:2   | Reached skill level 10 in Fighting
 11989 | Lair:2   | Found a staircase to the Shoals.
 12837 | Lair:3   | Reached skill level 1 in Stealth
 12842 | Lair:3   | Noticed Rupert
 12859 | Lair:3   | Killed Rupert
 13062 | Lair:3   | Reached skill level 5 in Stealth
 13156 | Lair:3   | Noticed an eight-headed hydra
 13163 | Lair:3   | Killed a five-headed hydra
 13769 | Lair:4   | Received a gift from Okawaru
 13810 | Lair:4   | Found a hole to the Spider Nest.
 13846 | Lair:4   | Noticed an entropy weaver
 13960 | Lair:3   | Killed an entropy weaver
 13980 | Lair:4   | Reached XP level 14. HP: 110/110 MP: 20/20
 14067 | Lair:4   | Noticed an entropy weaver
 14073 | Lair:4   | Killed an entropy weaver
 14358 | Lair:4   | Reached skill level 10 in Invocations
 14776 | Lair:5   | Found a staircase to the Slime Pits.
 14777 | Lair:5   | Found a viscous altar of Jiyva.
 14949 | Lair:5   | Reached skill level 10 in Dodging
 15082 | Lair:5   | Got a vibrating brass ring
 15084 | Lair:5   | Identified the ring "Amir" {*Tele Str+6} (You found it on level 5 of the Lair of Beasts)
 15610 | Lair:6   | Entered Level 6 of the Lair of Beasts
 16033 | Lair:6   | Received a gift from Okawaru
 16036 | Lair:6   | Identified the +9 mace "Enlooreh" {holy, Str+4 Dex-5 Stlth+} (Okawaru gifted it to you on level 6 of the Lair of Beasts)
 16260 | Lair:6   | Reached XP level 15. HP: 66/122 MP: 21/24
 16990 | Orc:1    | Entered Level 1 of the Orcish Mines
 16990 | Orc:1    | Found Kalyo's Distillery.
 17434 | Orc:1    | Found a roughly hewn altar of Beogh.
 17666 | Orc:2    | Entered Level 2 of the Orcish Mines
 17842 | Orc:2    | Found a staircase to the Elven Halls.
 17846 | Orc:2    | Received a gift from Okawaru
 18474 | Orc:2    | Found Nimocwa's Gadget Shoppe.
 18487 | Orc:2    | Found Hanagil's General Store.
 18498 | Orc:2    | Reached skill level 15 in Fighting
 18513 | Orc:2    | Bought a scroll of fear for 52 gold pieces
 18523 | Orc:2    | Found Ommaege's Magic Scroll Shoppe.
 18524 | Orc:2    | Found Houmaph's Armour Shop.
 18531 | Orc:2    | Bought a scroll of magic mapping for 52 gold pieces
 18531 | Orc:2    | Bought a scroll of magic mapping for 52 gold pieces
 18531 | Orc:2    | Bought a scroll of magic mapping for 52 gold pieces
 18799 | D:12     | Found a burning altar of Makhleb.
 19435 | D:13     | Reached XP level 16. HP: 95/136 MP: 25/25
 20034 | D:14     | Received a gift from Okawaru
 20079 | D:14     | Found a flagged portal.
 20105 | D:14     | Identified the +7 hand axe of Skirmishing {chop, rN+ Int+2 Dex+7} (You found it on level 14 of the Dungeon)
 20108 | Bailey   | Entered a bailey
 20194 | Bailey   | Found a runed gate.
 20197 | Bailey   | Found a runed gate.
 20199 | Bailey   | Found a runed gate.
 20462 | D:14     | Noticed Urug
 20477 | D:14     | Found a gate to the Vaults.
 20501 | D:14     | Killed Urug
 20600 | D:14     | Found a sparkling altar of Nemelex Xobeh.
 20635 | D:14     | Identified the +2 cloak "Voop" {*Corrode Regen+ MP+9 SInv} (You found it on level 14 of the Dungeon)
 21110 | D:15     | Entered Level 15 of the Dungeon
 21465 | D:15     | Found a staircase to the Depths.
 21573 | D:15     | Received a gift from Okawaru
 21591 | D:15     | Identified the +2 ring mail of Cocytus {rC+} (Okawaru gifted it to you on level 15 of the Dungeon)
 22195 | Elf:1    | Entered Level 1 of the Elven Halls
 22199 | Elf:1    | Noticed a deep elf sorcerer
 22218 | Elf:1    | Killed a deep elf sorcerer
 22218 | Elf:1    | Reached XP level 17. HP: 142/142 MP: 26/26
 22284 | Elf:1    | Got a glittering golden ring
 22286 | Elf:1    | Identified the ring of Pofolouw {rCorr rElec} (You found it on level 1 of the Elven Halls)
 23174 | Elf:1    | Received a gift from Okawaru
 23299 | Elf:2    | Found Daiqaul's Gadget Shoppe.
 23340 | Elf:2    | Got a fine ring mail
 23351 | Elf:2    | Identified the +0 ring mail of Fimoan {rF+} (You acquired it on level 2 of the Elven Halls)
 23590 | Elf:2    | Found a runed door.
 23613 | Elf:2    | Found a runed door.
 24053 | Elf:3    | Entered Level 3 of the Elven Halls
 24304 | Elf:3    | Reached skill level 10 in Armour
 24313 | Elf:3    | Reached XP level 18. HP: 128/149 MP: 27/27
 24581 | Elf:3    | Received a gift from Okawaru
 24825 | Elf:3    | Noticed a deep elf master archer
 24847 | Elf:3    | Killed a deep elf master archer
 25036 | Elf:3    | Noticed a deep elf master archer
 25067 | Elf:3    | Killed a deep elf master archer
 25166 | Elf:3    | Noticed a deep elf blademaster
 25175 | Elf:3    | Killed a deep elf blademaster
 25299 | Elf:3    | Noticed a deep elf blademaster
 25317 | Elf:3    | Killed a deep elf blademaster
 25502 | Elf:3    | Received a gift from Okawaru
 25532 | Elf:3    | Noticed a deep elf master archer
 25554 | Elf:3    | Killed a deep elf master archer
 25626 | Elf:3    | Reached skill level 5 in Shields
 25696 | Elf:3    | Identified the cursed +0 scythe "Xollat" {elec, rPois} (You took it off a deep elf mage on level 3 of the Elven Halls)
 25726 | Elf:3    | Noticed a deep elf blademaster
 25737 | Elf:3    | Killed a deep elf blademaster
 25842 | Elf:3    | Noticed a deep elf blademaster
 25842 | Elf:3    | Noticed a deep elf master archer
 25849 | Elf:3    | Killed a deep elf blademaster
 25857 | Elf:3    | Killed a deep elf master archer
 25865 | Elf:3    | Got a faintly glowing crystal amulet
 25889 | Elf:3    | Noticed a deep elf master archer
 25907 | Elf:3    | Killed a deep elf master archer
 25907 | Elf:3    | Reached XP level 19. HP: 143/155 MP: 28/28
 25937 | Elf:3    | Identified the amulet of Guewaof {Inacc rN+ SInv} (You found it on level 3 of the Elven Halls)
 25939 | Elf:3    | Identified the cursed +1 ring mail "Adwyid" {rElec} (You took it off a deep elf master archer on level 3 of the Elven Halls)
 26298 | Depths:1 | Entered Level 1 of the Depths
 26303 | Depths:1 | Found a gateway to Hell.
 26362 | Depths:1 | Received a gift from Okawaru
 26473 | Depths:1 | Reached skill level 15 in Armour
 26694 | Depths:1 | Found a shattered altar of Ashenzari.
 26736 | Depths:1 | Noticed Mara
 26749 | Depths:1 | Noticed Salmacis's illusion
 26755 | Depths:1 | Killed Mara
 26755 | Depths:1 | Reached skill level 10 in Shields
 27092 | Depths:1 | Found a bloodstained altar of Trog.
 27301 | Depths:2 | Found a one-way gate to the infinite horrors of the Abyss.
 27326 | Depths:2 | Found a gateway to a ziggurat.
 27370 | Depths:2 | Found a portal to a secret trove of treasure.
 27722 | Shoals:1 | Entered Level 1 of the Shoals
 27906 | Shoals:1 | Identified the +3 bardiche of Ducvufuhya {venom, Str+2} (You found it on level 1 of the Shoals)
 27958 | Shoals:1 | Received a gift from Okawaru
 28597 | Shoals:2 | Found a runed gate.
 28598 | Shoals:2 | Found a runed gate.
 28861 | Shoals:2 | Found a runed gate.
 28861 | Shoals:2 | Noticed Gildeon's ghost (adept MiFi)
 28882 | Shoals:2 | Reached XP level 20. HP: 162/162 MP: 26/29
 28906 | Shoals:2 | Killed Gildeon's ghost
 30161 | Shoals:4 | Entered Level 4 of the Shoals
 30270 | Shoals:4 | Identified the Grimoire of Dislocation and Stolen Souls
 30364 | Shoals:4 | Got a barnacled rune of Zot
 30553 | Shoals:4 | Found the +4 robe of Augmentation {Str+4 Int+4 Dex+4}
 30864 | Shoals:4 | Noticed Ilsuiw
 30883 | Shoals:4 | Killed Ilsuiw
 31274 | Vaults:1 | Entered Level 1 of the Vaults
 31372 | Vaults:1 | Noticed Saint Roka
 31388 | Vaults:1 | Reached skill level 15 in Shields
 31395 | Vaults:1 | Received a gift from Okawaru
 31402 | Vaults:1 | Killed Saint Roka
 31574 | Vaults:1 | Received a gift from Okawaru
 31631 | Vaults:1 | Reached XP level 21. HP: 135/171 MP: 30/30
 31730 | Vaults:1 | Learned a level 6 spell: Shadow Creatures
 31869 | Vaults:1 | You are sucked into a shaft!
 31872 | Vaults:2 | Reached skill level 1 in Summonings
 31875 | Vaults:2 | Noticed Jory
 31913 | Vaults:2 | Reached skill level 5 in Summonings
 31940 | Vaults:2 | Killed Jory
 32861 | Vaults:1 | Received a gift from Okawaru
 33157 | Vaults:1 | Reached skill level 10 in Summonings
 33723 | Vaults:2 | Noticed Nikola
 33742 | Vaults:2 | Killed Nikola
 33906 | Vaults:2 | Reached XP level 22. HP: 183/183 MP: 31/31
 33911 | Vaults:2 | Found Elasepsofu's Armour Shop.
 34160 | Vaults:2 | Noticed Margery
 34166 | Vaults:2 | Killed Margery
 34510 | Vaults:3 | Received a gift from Okawaru
 34737 | Vaults:3 | Found a staircase to the Crypt.
 35161 | Vaults:3 | Found Asmef's Assorted Antiques.
 35166 | Vaults:3 | Found a deep blue altar of Sif Muna.
 35169 | Vaults:3 | Bought a potion of heal wounds for 110 gold pieces
 35355 | Vaults:3 | Received a gift from Okawaru
 35977 | Vaults:4 | Reached skill level 1 in Spellcasting
 36139 | Vaults:4 | Reached XP level 23. HP: 194/194 MP: 32/32
 37029 | Spider:1 | Entered Level 1 of the Spider Nest
 37107 | Spider:1 | Received a gift from Okawaru
 37113 | Spider:1 | Got a twisted scale mail {god gift}
 37624 | Spider:2 | Identified the +0 scale mail of Weirdness {+Blink Str-3 Dex+3} (Okawaru gifted it to you on level 1 of the Spider Nest)
 37969 | Depths:2 | You paid a toll of +5 ice dragon scales to enter a treasure trove
 37970 | Trove    | Entered a treasure trove
 37994 | Trove    | Got a pair of ichor-stained gloves
 38010 | Trove    | Got a translucent brass amulet
 38022 | Trove    | Identified the +0 pair of gloves "Fepyedej" {rF+ Int-5 Slay+2 Stlth+} (You found it in a treasure trove)
 38044 | Depths:2 | Identified the amulet "Gaimn" {Acrobat rPois Int+5} (You found it in a treasure trove)
 38389 | Depths:2 | Reached skill level 5 in Spellcasting
 39159 | Depths:2 | Got a coiled steel ring
 39160 | Depths:2 | Identified the ring "Qubae" {rC+ rN+ EV+6} (You took it off a spriggan berserker on level 2 of the Depths)
 39220 | Depths:2 | Got a twitching bone ring
 39222 | Depths:2 | Identified the ring of Jyiroa {*Tele *Drain +Blink rF+++ Dex+4} (You took it off a hell knight on level 2 of the Depths)
 39750 | Vaults:5 | Entered Level 5 of the Vaults
 39750 | Vaults:5 | Noticed a golden dragon
 39757 | Vaults:5 | Noticed a golden dragon
 39764 | Vaults:5 | Reached XP level 24. HP: 171/204 MP: 32/32
 39772 | Vaults:5 | Reached skill level 15 in Summonings
 39776 | Vaults:4 | Killed a golden dragon
 39776 | Vaults:4 | Received a gift from Okawaru
 40025 | Vaults:5 | Killed a golden dragon
 40026 | Vaults:5 | Received a gift from Okawaru
 40448 | Vaults:5 | Got a silver rune of Zot
 40602 | Vaults:5 | Reached XP level 25. HP: 156/210 MP: 35/35
 40892 | Vaults:5 | Received a gift from Okawaru
 40896 | Vaults:5 | Identified the +0 cloak of Restlessness {rElec rCorr Int-5} (Okawaru gifted it to you on level 5 of the Vaults)
 41744 | Vaults:5 | Identified the Grimoire of Blistering Creation
 42076 | Vaults:5 | Learned a level 3 spell: Call Canine Familiar
 42082 | Vaults:5 | Learned a level 5 spell: Aura of Abjuration
 42110 | Vaults:5 | Learned a level 5 spell: Summon Demon
 42372 | Hell     | Entered the Vestibule of Hell
 42372 | Hell     | Noticed Geryon
 42395 | Hell     | Killed Geryon
 42515 | Depths:3 | Found the +4 moon troll leather armour {Spirit, Regen++ MP+5}
 42618 | Depths:3 | Found a one-way gate leading to the halls of Pandemonium.
 42676 | Depths:3 | Got a fine glass ring
 42687 | Depths:3 | Got a vibrating tin ring
 42688 | Depths:3 | Identified the ring "Piawn" {+Fly Str+2 Stlth+} (You took it off a centaur warrior on level 3 of the Depths)
 42690 | Depths:3 | Identified the ring of the Duke {+Blink +Fly rF+ MP+9 Str+5} (You took it off a tengu conjurer on level 3 of the Depths)
 42704 | Depths:3 | Noticed Sojobo
 42726 | Depths:3 | Received a gift from Okawaru
 42733 | Depths:3 | Killed Sojobo
 42755 | Depths:3 | Identified the +1 scale mail of Eternal Night {Str+4 Int+4} (Okawaru gifted it to you on level 3 of the Depths)
 42830 | Depths:3 | Noticed Mennas
 42881 | Depths:3 | Killed Mennas
 42881 | Depths:3 | Reached XP level 26. HP: 174/218 MP: 35/35
 42883 | Depths:3 | Identified the +8 large shield of Wrong Decisions {rElec rPois Int-3 Slay+5} (You took it off Mennas on level 3 of the Depths)
 43263 | Depths:3 | Got a scorched ivory ring
 43264 | Depths:3 | Identified the ring "Kupn" {Ice MR+ Int-4 Dex+3} (You found it on level 3 of the Depths)
 43407 | Depths:3 | Found Umnobist's Gadget Emporium.
 43470 | Depths:3 | Got a clouded pewter ring
 43471 | Depths:3 | Identified the ring of Keaxed {Ice MR- Dex+7} (You found it on level 3 of the Depths)
 43534 | Depths:3 | Found Miuttywn's Book Emporium.
 43648 | Depths:4 | Received a gift from Okawaru
 43764 | Depths:4 | Noticed an ancient lich
 43773 | Depths:4 | Killed an ancient lich
 44071 | Depths:4 | Noticed an ancient lich
 44083 | Depths:4 | Killed an ancient lich
 44083 | Depths:4 | Reached XP level 27. HP: 167/224 MP: 29/36
 44450 | Depths:4 | Reached skill level 10 in Spellcasting
 44542 | Depths:4 | Found the +6 Majin-Bo {vamp, Archmagi MP+6 Int+6}
 44684 | Depths:4 | Received a gift from Okawaru
 44926 | Depths:5 | Entered Level 5 of the Depths
 44926 | Depths:5 | Found an iron altar of Okawaru.
 45051 | Depths:5 | Noticed Frederick
 45062 | Depths:5 | Killed Frederick
 45155 | Depths:5 | Received a gift from Okawaru
 45156 | Depths:5 | Identified the +8 battleaxe "Rih Jupp" {chop, rPois rN++} (Okawaru gifted it to you on level 5 of the Depths)
 45425 | Depths:5 | Found a gate to the Realm of Zot.
 45887 | Slime:1  | Entered Level 1 of the Pits of Slime
 45889 | Slime:1  | Gained mutation: Your magical capacity is low. (-10% MP) [a shining eye]
 46157 | Slime:2  | Noticed Dissolution
 46163 | Slime:2  | Killed Dissolution
 46163 | Slime:2  | Received a gift from Okawaru
 46518 | Slime:3  | Found a viscous altar of Jiyva.
 46566 | Slime:3  | Gained mutation: You are clumsy. (Dex -2) [a shining eye]
 46568 | Slime:3  | Gained mutation: You are weak. (Str -2) [a shining eye]
 46680 | Slime:4  | Gained mutation: You are very clumsy. (Dex -4) [a shining eye]
 46929 | Slime:5  | Entered Level 5 of the Pits of Slime
 46932 | Slime:5  | Gained mutation: You occasionally shout uncontrollably at your foes. [a shining eye]
 47162 | Slime:5  | Noticed the Royal Jelly
 47327 | Slime:5  | Lost mutation: You occasionally shout uncontrollably at your foes. [potion of mutation]
 47327 | Slime:5  | Lost mutation: Your magical capacity is low. (-10% MP) [potion of mutation]
 47327 | Slime:5  | Lost mutation: You are very clumsy. (Dex -4) [potion of mutation]
 47327 | Slime:5  | Gained mutation: You are partially covered in icy blue scales. (AC +2) [potion of mutation]
 47327 | Slime:5  | Gained mutation: Your spells are a little easier to cast, but a little less powerful. [potion of mutation]
 47327 | Slime:5  | Gained mutation: Your mind is acute. (Int +2) [potion of mutation]
 47331 | Slime:5  | Killed the Royal Jelly
 47358 | Slime:5  | Found the +8 storm bow {elec}
 47358 | Slime:5  | Found the ring of the Octopus King
 47383 | Slime:5  | Got a ring of the Octopus King
 47387 | Slime:5  | Identified a ring of the Octopus King {AC+1 EV+1 Str+1 Int+1 Dex+1 Stlth+} (You found it on level 5 of the Pits of Slime)
 47432 | Slime:5  | Gained mutation: You have a somewhat thin skeletal structure. (Dex +2, Stealth) [a shining eye]
 47434 | Slime:5  | Gained mutation: Scrolls take you a little longer to read. [a shining eye]
 47437 | Slime:5  | Identified the Papyrus of Freezing Venom
 47440 | Slime:5  | Got a slimy rune of Zot
 47936 | Depths:5 | Lost mutation: You are weak. (Str -2) [potion of mutation]
 47936 | Depths:5 | Lost mutation: Scrolls take you a little longer to read. [potion of mutation]
 47936 | Depths:5 | Gained mutation: You occasionally shout uncontrollably at your foes. [potion of mutation]
 47936 | Depths:5 | Lost mutation: Your spells are a little easier to cast, but a little less powerful. [potion of mutation]
 47936 | Depths:5 | Gained mutation: You are weak. (Str -2) [potion of mutation]
 47936 | Depths:5 | Gained mutation: You are robust. (+10% HP) [potion of mutation]
 47961 | Zot:1    | Entered Level 1 of the Realm of Zot
 48511 | Zot:1    | Noticed an orb of fire
 48761 | Zot:2    | Received a gift from Okawaru
 48764 | Zot:2    | Identified the +2 pair of boots of Decompression {Str+5 Stlth-} (Okawaru gifted it to you on level 2 of the Realm of Zot)
 49268 | Zot:3    | Gained mutation: You are very clumsy. (Dex -4) [mutagenic glow]
 49413 | Zot:3    | Noticed Tiamat
 49436 | Zot:3    | Killed Tiamat
 49971 | Zot:3    | Reached skill level 15 in Dodging
 50180 | Zot:3    | Received a gift from Okawaru
 50261 | Zot:3    | Got a smoking ivory ring
 50262 | Zot:3    | Identified the ring of Sen Etso {Fire Str-5 Int+6} (You found it on level 3 of the Realm of Zot)
 50943 | Zot:4    | Received a gift from Okawaru
 50950 | Zot:4    | Identified the +9 battleaxe of Kismet {vamp, *Noise rPois Str+4 Dex+4} (Okawaru gifted it to you on level 4 of the Realm of Zot)
 51361 | Zot:4    | Found the +8 whip "Snakebite" {curare, rPois}
 51586 | Zot:5    | Entered Level 5 of the Realm of Zot
 51645 | Zot:5    | Received a gift from Okawaru
 51794 | Zot:5    | Noticed an ancient lich
 51806 | Zot:5    | Killed an ancient lich
 51879 | Zot:5    | Noticed an ancient lich
 51892 | Zot:5    | Killed an ancient lich
 52011 | Zot:5    | Noticed an ancient lich
 52015 | Zot:5    | Noticed an ancient lich
 52025 | Zot:5    | Killed an ancient lich
 52025 | Zot:5    | Received a gift from Okawaru
 52030 | Zot:5    | Cast into level 5 of the Abyss (an ancient lich)
 52030 | Abyss:5  | Entered Level 5 of the Abyss
 52068 | Zot:5    | Escaped the Abyss
 52075 | Zot:5    | Killed an ancient lich
 52081 | Zot:5    | Noticed an orb of fire
 52087 | Zot:5    | Lost mutation: You are robust. (+10% HP) [an orb of fire]
 52092 | Zot:5    | Gained mutation: Your spells are a little easier to cast, but a little less powerful. [an orb of fire]
 52094 | Zot:5    | Killed an orb of fire
 52173 | Zot:5    | Noticed an ancient lich
 52176 | Zot:5    | Received a gift from Okawaru
 52187 | Zot:5    | Killed an ancient lich
 52329 | Zot:5    | Noticed an orb of fire
 52331 | Zot:5    | Gained mutation: You are frail. (-10% HP) [an orb of fire]
 52335 | Zot:5    | Gained mutation: You are very frail. (-20% HP) [an orb of fire]
 52344 | Zot:5    | Killed an orb of fire
 52410 | Zot:5    | Reached skill level 15 in Invocations
 52411 | Zot:5    | Noticed an orb of fire
 52422 | Zot:5    | Lost mutation: Your mind is acute. (Int +2) [an orb of fire]
 52426 | Zot:5    | Gained mutation: Your magical capacity is low. (-10% MP) [an orb of fire]
 52432 | Zot:5    | Killed an orb of fire
 52440 | Zot:5    | Got the Orb of Zot
 52467 | Zot:5    | Noticed Giutiy the pandemonium lord
 52500 | Zot:5    | Noticed an orb of fire
 52501 | Zot:5    | Gained mutation: You are extremely frail. (-30% HP) [an orb of fire]
 52503 | Zot:5    | Killed Giutiy the pandemonium lord
 52505 | Zot:5    | Gained mutation: Scrolls take you a little longer to read. [an orb of fire]
 52513 | Zot:5    | Gained mutation: You are very weak. (Str -4) [an orb of fire]
 52514 | Zot:5    | Killed an orb of fire
 52514 | Zot:5    | Received a gift from Okawaru
 52515 | Zot:5    | Found the +4 skin of Zhor {rC+++}
 52786 | D:15     | Noticed Ciyfaged the pandemonium lord
 52802 | D:15     | Killed Ciyfaged the pandemonium lord
 52900 | D:11     | Lost mutation: You are very weak. (Str -4) [a neqoxec]
 52901 | D:11     | Gained mutation: Your body sometimes deteriorates upon taking damage. [a neqoxec]
 53020 | D:6      | Gained mutation: Potions are less effective at restoring your health. [a neqoxec]
 53124 | D:$      | Escaped with the Orb!

Vault maps used:
D:1:      ebering_trefoil_3fold, minivault_11
D:2:      lemuel_upstairs_altar, uniq_crazy_yiuf_cottage, uniq_robin,
          uniq_terence
D:3:      old_standard_altar, first_ration, kennysheep_generic_room_10
D:4:      kb_forest_paths, minitemple, nicolae_ossuary_entry_giza
D:5:      elyvilon_altar_3
D:6:      kiku_gazebo_pond_becter, minmay_temple_entry_butterflies, uniq_pikel
D:7:      gammafunk_temple_overflow_forgotten, minmay_misc_feat_five,
          the_bakery, palyth_stone_intersect, hangedman_decor_slide_cut,
          serial_bayou_pond_a, fedhas_altar_1
D:8:      uniq_maurice
D:9:      basic_altar, dk_rats_in_the_wall, uniq_erolcha
D:10:     st_stairs_5, lightli_orcish_oven
D:11:     minmay_lair_entry_grove, orc_0_dummy, uniq_snorg
D:12:     bloody_makhleb
D:13:     minivault_25, minmay_misc_feat_encased
D:14:     david_vaults_3, enter_bailey_2, serial_park_avenue1, serial_glass,
          glass_columns_b, glass_columns_a, glass_columns_a, glass_columns_b,
          glass_columns_b, glass_columns_b, glass_columns_a, glass_columns_a,
          basic_altar
D:15:     grunt_enter_depths_snipers
Temple:   nicolae_temple_no_exploring_needed
Lair:1:   lab_entry_generic, uniq_sonja
Lair:2:   minmay_shoals_entry_centaurs, bh_autumn_forest_stairs
Lair:3:   grunt_megastairs_5, uniq_rupert
Lair:4:   spider_nest_entry_rubble, minmay_another_anthill
Lair:5:   slime_altar_1
Lair:6:   minmay_lair_end_frog_pond, serial_bayou_shore_a
Shoals:2: gammafunk_ghost_necromancy
Shoals:3: nicolae_shoals_dead_sea_scrolls
Shoals:4: shoals_end_grunt_garden, shoals_ilsuiw_ice,
          nicolae_shoals_square_sea_wall
Spider:2: nicolae_spider_mines_1
Slime:2:  dissolution_awaits
Slime:3:  basic_altar
Orc:1:    serial_shops, shop, bh_open_orc_temple
Orc:2:    st_orc_elflike
Elf:1:    kennysheep_underground_church, grunt_ministairs_6, corner_web_ring
Elf:2:    serial_shops, shop
Elf:3:    minmay_elf_hall
Vaults:1: nicolae_vaults_an_arrangement, ontoclasm_vaults_pinch,
          vaults_dpeg_spiral, nicolae_vaults_theta, vaults_room_door_hall,
          grunt_vaults_bifocal, v_misc_11, nicolae_vaults_network_barrier,
          vaults_room_grid, vaults_mumra_minichess, hangedman_vaults_slither,
          ontoclasm_vaults_twist, ontoclasm_vaults_decontamination,
          grunt_vaults_hallway_long, uniq_saint_roka
Vaults:2: ontoclasm_vaults_ring_small, st_smaller_cells,
          ontoclasm_vaults_bender, v_misc_13, vaults_room_fours,
          vaults_room_corners, vaults_room_pools, v_misc_4,
          nicolae_vaults_windows_and_doors_thing, vaults_room_semicircle,
          vaults_dpeg_cross, ontoclasm_vaults_shuriken,
          nicolae_vaults_rhombus_6, nicolae_vaults_little_squares_4,
          serial_shops, shop_fountains, uniq_jory, uniq_nikola, uniq_margery
Vaults:3: grunt_vaults_hallway_long, minmay_crypt_entry_simple_round,
          vaults_room_door_hall, vaults_standard_mumra_lines,
          vaults_mumra_chevron_long, nicolae_vaults_border_crossing,
          nicolae_vaults_rhombus_7, v_misc_13, hangedman_vaults_corner,
          nicolae_vaults_little_squares_2, grunt_vaults_hallway_short,
          vaults_dpeg_hooks, basic_altar, serial_shops,
          nicolae_shop_overgrown_old_shop
Vaults:4: v_alt_pattern_1, ontoclasm_vaults_tryst,
          hangedman_vaults_stretched_pinwheel, vaults_room_hallway,
          vaults_mumra_hex, v_misc_4, ontoclasm_vaults_chip,
          hangedman_vaults_corner_blocks, ontoclasm_vaults_ring_small, v_misc_9,
          vaults_dpeg_diagonal
Depths:1: nicolae_ashenzari_panopticon, hell_entry, grunt_ministairs_15,
          kennysheep_another_room, hangedman_abyss_or_decor_slice,
          evilmike_spriggan_trog_shrine, uniq_mara
Depths:2: minmay_the_grid_3x3, enter_ziggurat_d, abyss_entry, hell_entry,
          nicolae_trove_entry_crystal, serial_bayou_pond_c
Depths:3: hangedman_spin_cycle, pan_entry, hell_entry, uniq_mennas
Depths:4: minmay_guarded_unrand_majin_bo, serial_glass, glass_columns_c,
          glass_columns_c, glass_columns_b, glass_columns_c, glass_columns_b,
          glass_columns_b, glass_columns_a, glass_columns_b,
          hangedman_tar_grid_catacomb, abyss_entry, spider_trap,
          minmay_swirly_circle, serial_bayou_shore_b
Depths:5: grunt_zot_entry_funnels, pf_coc_iceberg, basic_altar, st_stairs_8,
          uniq_frederick
Zot:1:    nrook_zot_tub
Zot:3:    circus_mu, uniq_tiamat
Zot:4:    hangedman_swamp_dais
Abyss:5:  evilmike_abyss_exit_vortex, grunt_abyss_rune_wretched_hive
Lab:      labyrinth_mini_lab, nicolae_lab_lava, nicolae_lab_do_over,
          nicolae_lab_big_swirl, lab_block, nicolae_lab_blocks,
          labyrinth_skeletal_remains, nicolae_lab_swirl
Trove:    trove_simple
Ossuary:  ossuary_tomb_3
Bailey:   bailey_axe_bossmonster_kennysheep, bailey

Skill      XL: |  1  2  3  4  5  6  7  8  9 10 11 12 13 14 15 16 17 18 19 20 21 22 23 24 25 26 27 |
---------------+----------------------------------------------------------------------------------+-----
Axes           | 3 4 5 6 8 9 11 13 15 16 18 20 21 22 | 22.0
Armour         | 4 5 7 10 14 15 18 20 22 | 22.0
Dodging        | 1 3 4 5 9 10 12 15 | 15.0
Invocations    | 3 7 8 9 12 16 | 16.1
Fighting       | 5 9 10 12 15 16 17 19 20 22 | 22.0
Shields        | 4 7 12 15 17 20 22 | 22.0
Stealth        | 6 |  6.1
Summonings     | 11 13 14 15 19 | 19.9
Spellcasting   | 2 6 8 9 12 | 12.0

Action                   |  1- 3 |  4- 6 |  7- 9 | 10-12 | 13-15 | 16-18 | 19-21 | 22-24 | 25-27 || total
-------------------------+-------+-------+-------+-------+-------+-------+-------+-------+-------++-------
Melee: War axe           |    87 |   192 |   297 |   557 |       |       |       |       |       ||  1133
       Battleaxe         |       |       |       |    65 |   870 |   172 |       |       |       ||  1107
       Executioner's axe |       |       |       |       |       |   668 |   980 |   879 |  2032 ||  4559
 Cast: Call Canine Famil |       |       |       |       |       |       |       |       |    13 ||    13
Invok: Heroism           |       |       |       |    16 |    20 |    20 |    22 |    19 |    51 ||   148
       Finesse           |       |       |       |     2 |     4 |     8 |    14 |     8 |    27 ||    63
 Abil: Dig               |     1 |     1 |     3 |    10 |     7 |    18 |     2 |     2 |    18 ||    62
Evoke: Wand              |       |       |       |     6 |     4 |     4 |       |       |     4 ||    18
       Sack of spiders   |       |       |       |     1 |       |       |       |       |     1 ||     2
       Lamp of fire      |       |       |       |       |     2 |     2 |     1 |       |     2 ||     7
       Phantom mirror    |       |       |       |       |       |       |     1 |       |       ||     1
  Use: Scroll            |       |     2 |    14 |     7 |     5 |    16 |     9 |    16 |    24 ||    93
       Potion            |       |     1 |     5 |     2 |     3 |     5 |       |       |    18 ||    34
 Stab: Invisible         |       |       |       |     1 |       |       |       |       |       ||     1
       Sleeping          |       |       |       |     2 |     5 |       |       |       |       ||     7
       Distracted        |       |       |       |       |     1 |       |       |       |     2 ||     3
  Eat: Chunk             |     1 |     6 |     8 |    10 |    25 |    18 |    20 |    12 |    22 ||   122
       Ration            |       |       |     1 |     4 |     1 |     2 |     2 |     3 |     7 ||    20
Armor: Scale mail        |    18 |       |       |       |       |       |       |       |       ||    18
       Quicksilver drago |    34 |    68 |    99 |   135 |   146 |       |       |       |       ||   482
       Plate armour      |       |       |       |       |    40 |   226 |   214 |   174 |       ||   654
       Gold dragon scale |       |       |       |       |       |       |       |    52 |   395 ||   447
Dodge: Dodged            |    28 |    46 |    91 |   220 |   566 |   388 |   187 |   251 |   443 ||  2220
Block: Shield            |    54 |    74 |   109 |   188 |       |       |       |       |       ||   425
       Buckler           |       |       |       |    36 |   239 |   199 |       |       |       ||   474
       Large shield      |       |       |       |       |       |    44 |   904 |   857 |  1839 ||  3644
       Reflection        |       |       |       |       |       |       |       |    22 |    13 ||    35

Table legend:
 A = Spawn XP
 B = Non-spawn XP
 C = Spawn XP percentage of total XP
 D = Spawn monster count
 E = Non-spawn monster count
 F = Spawn count percentage of total count
 G = Total turns spent on level
                    A         B        C        D         E        F      G
               +---------+---------+-------+---------+---------+-------+---------
         Total |    4462 | 1688580 |   0.3 |       5 |    2360 |   0.2 | 53124
               +---------+---------+-------+---------+---------+-------+---------
           D:1 |       0 |      21 |   0.0 |       0 |      11 |   0.0 |   659
           D:2 |       0 |     118 |   0.0 |       0 |      28 |   0.0 |  1294
           D:3 |       0 |     214 |   0.0 |       0 |      37 |   0.0 |   859
           D:4 |       0 |     472 |   0.0 |       0 |      22 |   0.0 |  1056
           D:5 |       0 |     662 |   0.0 |       0 |      22 |   0.0 |   763
           D:6 |       0 |    1572 |   0.0 |       0 |      19 |   0.0 |   734
           D:7 |       0 |     615 |   0.0 |       0 |      12 |   0.0 |   912
           D:8 |       0 |    1131 |   0.0 |       0 |      28 |   0.0 |   755
           D:9 |       0 |    3550 |   0.0 |       0 |      48 |   0.0 |   906
          D:10 |       0 |    4061 |   0.0 |       0 |      38 |   0.0 |   943
          D:11 |       0 |    5794 |   0.0 |       0 |      32 |   0.0 |  1193
          D:12 |       0 |    4376 |   0.0 |       0 |      30 |   0.0 |   720
          D:13 |       0 |   13999 |   0.0 |       0 |      59 |   0.0 |   900
          D:14 |       0 |   15083 |   0.0 |       0 |      49 |   0.0 |   869
          D:15 |       0 |   19078 |   0.0 |       0 |      55 |   0.0 |  1509
        Lair:1 |       0 |    3649 |   0.0 |       0 |      11 |   0.0 |  1438
        Lair:2 |       0 |    6070 |   0.0 |       0 |      29 |   0.0 |  1253
        Lair:3 |       0 |   10966 |   0.0 |       0 |      37 |   0.0 |   913
        Lair:4 |       0 |    7579 |   0.0 |       0 |      44 |   0.0 |  1106
        Lair:5 |       0 |    6780 |   0.0 |       0 |      25 |   0.0 |  1112
        Lair:6 |       0 |   18997 |   0.0 |       0 |      70 |   0.0 |  1094
      Shoals:1 |       0 |    9314 |   0.0 |       0 |      17 |   0.0 |   814
      Shoals:2 |       0 |   11675 |   0.0 |       0 |      26 |   0.0 |   838
      Shoals:3 |       0 |   12247 |   0.0 |       0 |      25 |   0.0 |   811
      Shoals:4 |       0 |   29570 |   0.0 |       0 |      47 |   0.0 |   949
      Spider:1 |       0 |   20534 |   0.0 |       0 |      51 |   0.0 |   497
      Spider:2 |       0 |   10335 |   0.0 |       0 |      26 |   0.0 |   141
       Slime:1 |       0 |   17723 |   0.0 |       0 |      30 |   0.0 |   276
       Slime:2 |       0 |   32104 |   0.0 |       0 |      39 |   0.0 |   357
       Slime:3 |       0 |    6773 |   0.0 |       0 |       8 |   0.0 |    88
       Slime:4 |       0 |   13299 |   0.0 |       0 |      24 |   0.0 |   573
       Slime:5 |       0 |   42776 |   0.0 |       0 |      39 |   0.0 |   383
         Orc:1 |       0 |    2858 |   0.0 |       0 |      43 |   0.0 |   691
         Orc:2 |       0 |   16257 |   0.0 |       0 |      57 |   0.0 |  1190
         Elf:1 |       0 |   29526 |   0.0 |       0 |      43 |   0.0 |  1140
         Elf:2 |       0 |   16740 |   0.0 |       0 |      28 |   0.0 |   811
         Elf:3 |       0 |   73331 |   0.0 |       0 |      71 |   0.0 |  2150
      Vaults:1 |       0 |   68337 |   0.0 |       0 |     126 |   0.0 |  1918
      Vaults:2 |       0 |   68610 |   0.0 |       0 |      98 |   0.0 |  1604
      Vaults:3 |       0 |   52543 |   0.0 |       0 |      78 |   0.0 |  1107
      Vaults:4 |       0 |   39053 |   0.0 |       0 |      46 |   0.0 |  1391
      Vaults:5 |       0 |  182695 |   0.0 |       0 |     156 |   0.0 |  1946
      Depths:1 |       0 |   41782 |   0.0 |       0 |      37 |   0.0 |  1212
      Depths:2 |       0 |   67804 |   0.0 |       0 |      77 |   0.0 |  1833
      Depths:3 |       0 |   99645 |   0.0 |       0 |      82 |   0.0 |  1109
      Depths:4 |       0 |  112021 |   0.0 |       0 |      82 |   0.0 |  1473
      Depths:5 |       0 |   65068 |   0.0 |       0 |      42 |   0.0 |   672
          Hell |       0 |    6450 |   0.0 |       0 |       4 |   0.0 |    34
         Zot:1 |       0 |    8242 |   0.0 |       0 |       5 |   0.0 |   679
         Zot:2 |       0 |   23744 |   0.0 |       0 |      15 |   0.0 |   346
         Zot:3 |       0 |  109377 |   0.0 |       0 |      68 |   0.0 |  1740
         Zot:4 |       0 |   88207 |   0.0 |       0 |      56 |   0.0 |   949
         Zot:5 |    2001 |  178808 |   1.1 |       2 |      54 |   3.6 |   919
       Abyss:5 |    2461 |       0 | 100.0 |       3 |       0 | 100.0 |    38
           Lab |       0 |    4082 |   0.0 |       0 |      11 |   0.0 |   910
       Ossuary |       0 |     178 |   0.0 |       0 |      16 |   0.0 |   193
        Bailey |       0 |    2085 |   0.0 |       0 |      27 |   0.0 |   278
               +---------+---------+-------+---------+---------+-------+---------
